ORI
UNIVERSITY OF SOUTHERN CALIFORNIA TROJANS @ UNIVERSITY OF OKLAHOMA SOONERS
10/19/2049
 
TOP OF THE 1ST
University of Southern California Trojans batting - Pitching for University of Oklahoma Sooners : RHP Sam Herrick
Pitching: RHP Sam Herrick
Batting: LHB Alonzo Catalan 0-0: Ball
1-0: SINGLE (Groundball, 34D, EV 112.5 MPH)
Batting: RHB Liangde Zhou 0-0: Ball
Alonzo Catalan is caught stealing 2nd base 2-4
1-0: Foul Ball, location: 2F
1-1: Fly out, F8 (Flyball, 8RD, EV 86.9 MPH)
Batting: LHB John Rumbolt 0-0: Swinging Strike
0-1: Swinging Strike
0-2: Hit by Pitch
Batting: LHB Justin Veirs 0-0: Ball
John Rumbolt steals 2nd base
1-0: Ball
2-0: Fly out, F8 (Flyball, 8RS, EV 91.9 MPH)
Top of the 1st over - 0 runs, 1 hit, 0 errors, 1 left on base; University of Southern California 0 - University of Oklahoma 0
BOTTOM OF THE 1ST
University of Oklahoma Sooners batting - Pitching for University of Southern California Trojans : RHP Bartholomous Sauer
Pitching: RHP Bartholomous Sauer
Batting: RHB Kjeld Leen 0-0: Swinging Strike
0-1: Swinging Strike
0-2: Strikes out looking
Batting: LHB Jon Terrones 0-0: SINGLE (Groundball, 4M, EV 103.8 MPH) (infield hit)
Batting: RHB Suk Hahn 0-0: Ball
1-0: Called Strike
1-1: Foul Ball, location: 2F
1-2: Foul Ball, location: 2F
1-2: Ground out 4-3 (Groundball, 13, EV 81.2 MPH)
Jon Terrones to second
Batting: RHB Alex Perez 0-0: Called Strike
0-1: Ball
1-1: Swinging Strike
1-2: DOUBLE (Line Drive, 9LS, EV 91.9 MPH)
Jon Terrones scores
Batting: LHB Toby Clark 0-0: Foul Ball, location: 2F
0-1: Ball
1-1: Foul Ball, location: 2F
1-2: Foul Ball, location: 2F
1-2: Ball
2-2: Reached on error, E2 (Groundball, 2L, EV 68.1 MPH)
Alex Perez to third
Batting: RHB Sugiarto Kartosuwiryo 0-0: Ball
Wild Pitch!
Alex Perez scores
Toby Clark to second
1-0: Ball
2-0: Ball
3-0: Called Strike
3-1: Foul Ball, location: 2F
3-2: Strikes out swinging
Bottom of the 1st over - 2 runs, 2 hits, 1 error, 1 left on base; University of Southern California 0 - University of Oklahoma 2
TOP OF THE 2ND
University of Southern California Trojans batting - Pitching for University of Oklahoma Sooners : RHP Sam Herrick
Batting: RHB John Sandberg 0-0: Called Strike
0-1: Ball
1-1: Ball
2-1: Ball
3-1: Base on Balls
Batting: LHB Brad Betterton 0-0: Swinging Strike
0-1: Ball
1-1: Swinging Strike
1-2: Strikes out looking
John Sandberg steals 2nd base
Batter strikes out.
Batting: RHB Bobby Basoco 0-0: Ball
1-0: Called Strike
1-1: DOUBLE (Line Drive, 78D, EV 108.8 MPH)
John Sandberg scores
Batting: RHB Jochen Schanz 0-0: Ball
1-0: Reached on error, E4 (Groundball, 4M, EV 88.1 MPH)
Bobby Basoco to third
Batting: RHB Tri Kartini 0-0: Ball
Jochen Schanz is caught stealing 2nd base 2-4
1-0: Foul Ball, location: 2F
1-1: Foul Ball, location: 2F
1-2: Ground out 3-1 (Groundball, 34, EV 80.6 MPH)
Top of the 2nd over - 1 run, 1 hit, 1 error, 1 left on base; University of Southern California 1 - University of Oklahoma 2
BOTTOM OF THE 2ND
University of Oklahoma Sooners batting - Pitching for University of Southern California Trojans : RHP Bartholomous Sauer
Batting: LHB Pedro Marrero 0-0: Ball
1-0: Ball
2-0: Ground out U3 (Groundball, 3L, EV 87.5 MPH)
Batting: RHB Ben Gappa 0-0: Called Strike
0-1: Ball
1-1: Foul Ball, location: 2F
1-2: Strikes out swinging
Batting: LHB Nelson Morales 0-0: Ball
1-0: Ball
2-0: Called Strike
2-1: Foul Ball, location: 2F
2-2: Strikes out looking
Bottom of the 2nd over - 0 runs, 0 hits, 0 errors, 0 left on base; University of Southern California 1 - University of Oklahoma 2
TOP OF THE 3RD
University of Southern California Trojans batting - Pitching for University of Oklahoma Sooners : RHP Sam Herrick
Batting: LHB Alonzo Catalan 0-0: Ball
1-0: Swinging Strike
1-1: Foul Ball, location: 2F
1-2: Strikes out swinging
Batting: RHB Liangde Zhou 0-0: Called Strike
0-1: SINGLE (Line Drive, 7S, EV 92.5 MPH)
Batting: LHB John Rumbolt 0-0: Ball
Pickoff Play to 1st, Runner tries for 2nd, OUT after rundown.
1-0: Ground out 3-1 (Groundball, 34S, EV 66.2 MPH)
Top of the 3rd over - 0 runs, 1 hit, 0 errors, 0 left on base; University of Southern California 1 - University of Oklahoma 2
BOTTOM OF THE 3RD
University of Oklahoma Sooners batting - Pitching for University of Southern California Trojans : RHP Bartholomous Sauer
Batting: RHB Kjeld Leen 0-0: Ball
1-0: Foul Ball, location: 2F
1-1: Ball
2-1: Foul Ball, location: 2F
2-2: Strikes out swinging
Batting: LHB Jon Terrones 0-0: Ball
1-0: Ball
2-0: Ball
3-0: Base on Balls
Batting: RHB Suk Hahn 0-0: Ball
Wild Pitch!
Jon Terrones to second
1-0: Called Strike
1-1: Ball
2-1: Foul Ball, location: 2F
2-2: DOUBLE (Line Drive, 9LS, EV 99.4 MPH)
Jon Terrones scores
Batting: RHB Alex Perez 0-0: Ball
1-0: Called Strike
1-1: Foul Ball, location: 2F
1-2: Ball
2-2: Strikes out swinging
Batting: LHB Toby Clark 0-0: Ball
1-0: Ball
2-0: Foul Ball, location: 2F
2-1: Ball
3-1: Called Strike
3-2: Ground out 5-3 (Groundball, 5, EV 101.9 MPH)
Bottom of the 3rd over - 1 run, 1 hit, 0 errors, 1 left on base; University of Southern California 1 - University of Oklahoma 3
TOP OF THE 4TH
University of Southern California Trojans batting - Pitching for University of Oklahoma Sooners : RHP Sam Herrick
Batting: LHB Justin Veirs 0-0: Ball
1-0: Called Strike
1-1: Ball
2-1: Ball
3-1: Base on Balls
Batting: RHB John Sandberg 0-0: Reached on error, E6 (Groundball, 6, EV 103.8 MPH)
Justin Veirs to second
Batting: LHB Brad Betterton 0-0: Called Strike
0-1: Foul Ball, location: 2F
0-2: Ball
1-2: Fielders Choice at 2nd, 6-4 (Groundball, 6S, EV 89.4 MPH)
Justin Veirs to third
Batting: RHB Bobby Basoco 0-0: Called Strike
Brad Betterton steals 2nd base (no throw)
0-1: Ball
1-1: Ball
2-1: Called Strike
2-2: Ball
3-2: Base on Balls
Batting: RHB Jochen Schanz 0-0: Ball
1-0: Foul Ball, location: 2F
1-1: SINGLE (Flyball, 5D, EV 88.1 MPH)
Justin Veirs scores
Brad Betterton to third
Bobby Basoco to second
Batting: RHB Tri Kartini 0-0: Called Strike
0-1: Swinging Strike
0-2: Ball
1-2: Strikes out swinging
Batting: LHB Alonzo Catalan 0-0: DOUBLE (Line Drive, 78D, EV 103.8 MPH)
Brad Betterton scores
Bobby Basoco scores
Jochen Schanz to third
Runner from 3rd tries for Home, SAFE, no throw by LF
Pitching: RHP Frank Diego
Batting: RHB Liangde Zhou 0-0: Ball
1-0: Foul Ball, location: 2F
1-1: Ball
2-1: Foul Ball, location: 2F
2-2: Ball
3-2: SINGLE (Groundball, 4MD, EV 103.8 MPH)
Alonzo Catalan to third
Runner from 3rd tries for Home, SAFE, throw by CF to home
Batting: LHB John Rumbolt 0-0: Ground out 4-3 (Groundball, 4, EV 105.6 MPH)
Top of the 4th over - 5 runs, 3 hits, 1 error, 1 left on base; University of Southern California 6 - University of Oklahoma 3
BOTTOM OF THE 4TH
University of Oklahoma Sooners batting - Pitching for University of Southern California Trojans : RHP Bartholomous Sauer
Batting: RHB Sugiarto Kartosuwiryo 0-0: Called Strike
0-1: Swinging Strike
0-2: Ball
1-2: Hit by Pitch
Batting: LHB Pedro Marrero 0-0: Ball
1-0: Ball
2-0: Ball
3-0: Called Strike
3-1: Called Strike
3-2: Strikes out swinging
Batting: RHB Ben Gappa 0-0: Foul Ball, location: 2F
0-1: Swinging Strike
0-2: Foul Ball, location: 2F
0-2: Fielders Choice at 2nd, 5-4 (Groundball, 56S, EV 93.1 MPH)
Pitching: RHP Dave Montoya
Batting: LHB Nelson Morales 0-0: SINGLE (Groundball, 34D, EV 98.1 MPH)
Ben Gappa to second
Runner from 2nd tries for 3rd, SAFE, throw by RF made to third
Batting: RHB Kjeld Leen 0-0: Ball
1-0: Foul Ball, location: 2F
1-1: Swinging Strike
1-2: Fly out, F7 (Flyball, 78M, EV 91.2 MPH)
Bottom of the 4th over - 0 runs, 1 hit, 0 errors, 2 left on base; University of Southern California 6 - University of Oklahoma 3
TOP OF THE 5TH
University of Southern California Trojans batting - Pitching for University of Oklahoma Sooners : RHP Frank Diego
Batting: LHB Justin Veirs 0-0: Fly out, F8 (Flyball, 8RD, EV 89.4 MPH)
Batting: RHB John Sandberg 0-0: Called Strike
0-1: Swinging Strike
0-2: Ball
1-2: Foul Ball, location: 2F
1-2: Foul Ball, location: 2F
1-2: Ball
2-2: Fly out, F9 (Flyball, 9LMF, EV 112.5 MPH)
Batting: LHB Brad Betterton 0-0: Called Strike
0-1: Ball
1-1: Foul Ball, location: 2F
1-2: Ball
2-2: Foul Ball, location: 2F
2-2: Foul Ball, location: 2F
2-2: Ball
3-2: Base on Balls
Batting: RHB Bobby Basoco 0-0: Swinging Strike
0-1: Foul Ball, location: 2F
0-2: Foul Ball, location: 2F
0-2: Strikes out swinging
Top of the 5th over - 0 runs, 0 hits, 0 errors, 1 left on base; University of Southern California 6 - University of Oklahoma 3
BOTTOM OF THE 5TH
University of Oklahoma Sooners batting - Pitching for University of Southern California Trojans : RHP Dave Montoya
Batting: LHB Jon Terrones 0-0: Ground out 5-3 (Groundball, 15, EV 91.2 MPH)
Batting: RHB Suk Hahn 0-0: Called Strike
0-1: Ball
1-1: Ball
2-1: Ball
3-1: Base on Balls
Batting: RHB Alex Perez 0-0: Called Strike
Suk Hahn steals 2nd, throwing error, E2
Suk Hahn to third
0-1: Ball
1-1: Fly out, F8 (Flyball, 8RM, EV 93.8 MPH)
Runner from 3rd tags up, SCORES, no throw by CF
Batting: LHB Toby Clark 0-0: Called Strike
0-1: Called Strike
0-2: Ball
1-2: Ball
2-2: Foul Ball, location: 2F
2-2: DOUBLE (Line Drive, 89XD, EV 111.9 MPH)
Batting: RHB Sugiarto Kartosuwiryo 0-0: Ball
1-0: Called Strike
1-1: Ball
2-1: Foul Ball, location: 2F
2-2: Strikes out swinging
Bottom of the 5th over - 1 run, 1 hit, 1 error, 1 left on base; University of Southern California 6 - University of Oklahoma 4
TOP OF THE 6TH
University of Southern California Trojans batting - Pitching for University of Oklahoma Sooners : RHP Frank Diego
Batting: RHB Jochen Schanz 0-0: Called Strike
0-1: Ball
1-1: Foul Ball, location: 2F
1-2: Strikes out looking
Batting: RHB Tri Kartini 0-0: Called Strike
0-1: Ball
1-1: Foul Ball, location: 2F
1-2: Ball
2-2: Ball
3-2: Foul Ball, location: 2F
3-2: Fly out, F9 (Flyball, 9S, EV 88.1 MPH)
Batting: LHB Alonzo Catalan 0-0: Ball
1-0: Swinging Strike
1-1: Ground out 6-3 (Groundball, 6, EV 83.1 MPH)
Top of the 6th over - 0 runs, 0 hits, 0 errors, 0 left on base; University of Southern California 6 - University of Oklahoma 4
BOTTOM OF THE 6TH
University of Oklahoma Sooners batting - Pitching for University of Southern California Trojans : RHP Dave Montoya
Batting: LHB Pedro Marrero 0-0: Called Strike
0-1: Foul Ball, location: 2F
0-2: SOLO HOME RUN (Flyball, 9D, EV 97.5 MPH), Distance : 383 ft
Pinch Hitting: RHB Mike Blehm 0-0: Ball
1-0: Foul Ball, location: 2F
1-1: Ball
2-1: Ground out 4-3 (Groundball, 4, EV 85.6 MPH)
Batting: LHB Nelson Morales 0-0: Called Strike
0-1: Foul Ball, location: 2F
0-2: Ball
1-2: Ground out U3 (Groundball, 3, EV 83.8 MPH)
Batting: RHB Kjeld Leen 0-0: Called Strike
0-1: Ball
1-1: Called Strike
1-2: Foul Ball, location: 2F
1-2: Strikes out swinging
Bottom of the 6th over - 1 run, 1 hit, 0 errors, 0 left on base; University of Southern California 6 - University of Oklahoma 5
TOP OF THE 7TH
University of Southern California Trojans batting - Pitching for University of Oklahoma Sooners : RHP Frank Diego
Pitching: RHP Noboru Kamai
Now at 2B: Mike Blehm
Batting: RHB Liangde Zhou 0-0: Called Strike
0-1: Ball
1-1: Ball
2-1: Called Strike
2-2: Foul Ball, location: 2F
2-2: SINGLE (Groundball, 23, EV 66.2 MPH) (infield hit)
Batting: LHB John Rumbolt 0-0: Called Strike
0-1: Ball
1-1: Foul Ball, location: 2F
1-2: Ball
2-2: Strikes out looking
Batting: LHB Justin Veirs 0-0: Ball
Liangde Zhou is caught stealing 2nd base 2-6
1-0: Swinging Strike
1-1: Called Strike
1-2: Ball
2-2: Strikes out swinging
Top of the 7th over - 0 runs, 1 hit, 0 errors, 0 left on base; University of Southern California 6 - University of Oklahoma 5
BOTTOM OF THE 7TH
University of Oklahoma Sooners batting - Pitching for University of Southern California Trojans : RHP Dave Montoya
Pitching: LHP Bryce Brimhall
Batting: LHB Jon Terrones 0-0: Called Strike
0-1: Called Strike
0-2: Ball
1-2: Fly out, F9 (Flyball, 9S, EV 88.8 MPH)
Batting: RHB Suk Hahn 0-0: Ball
1-0: Called Strike
1-1: Swinging Strike
1-2: Strikes out swinging
Batting: RHB Alex Perez 0-0: Ball
1-0: Fly out, F8 (Flyball, 78D, EV 96.2 MPH)
Bottom of the 7th over - 0 runs, 0 hits, 0 errors, 0 left on base; University of Southern California 6 - University of Oklahoma 5
TOP OF THE 8TH
University of Southern California Trojans batting - Pitching for University of Oklahoma Sooners : RHP Noboru Kamai
Batting: RHB John Sandberg 0-0: Ball
1-0: DOUBLE (Line Drive, 5D, EV 98.8 MPH)
Batting: LHB Brad Betterton 0-0: Intentional Walk
Batting: RHB Bobby Basoco 0-0: Sac Bunt to 13 - play at first, batter OUT! 1-4
John Sandberg to third
Brad Betterton to second
Batting: RHB Jochen Schanz 0-0: Ball
1-0: Foul Ball, location: 2F
1-1: Ball
2-1: Foul Ball, location: 2F
2-2: Foul Ball, location: 2F
2-2: Strikes out swinging
Batting: RHB Tri Kartini 0-0: Swinging Strike
0-1: Ball
1-1: Called Strike
1-2: Ball
2-2: Strikes out swinging
Top of the 8th over - 0 runs, 1 hit, 0 errors, 2 left on base; University of Southern California 6 - University of Oklahoma 5
BOTTOM OF THE 8TH
University of Oklahoma Sooners batting - Pitching for University of Southern California Trojans : LHP Bryce Brimhall
Batting: LHB Toby Clark 0-0: Called Strike
0-1: Swinging Strike
0-2: Strikes out swinging
Batting: RHB Sugiarto Kartosuwiryo 0-0: Ball
1-0: Foul Ball, location: 2F
1-1: Foul Ball, location: 2F
1-2: Ball
2-2: SINGLE (Groundball, 13, EV 91.9 MPH) (infield hit)
Batting: LHB Pedro Marrero 0-0: Ground out 5-3 (Groundball, 5L, EV 76.2 MPH)
Sugiarto Kartosuwiryo to second
Batting: RHB Mike Blehm 0-0: Ball
1-0: Ball
2-0: Ball
3-0: Base on Balls
Pitching: LHP Eric Rosenstein
Batting: LHB Nelson Morales 0-0: Swinging Strike
0-1: SINGLE (Groundball, 4, EV 105.6 MPH)
Sugiarto Kartosuwiryo to third
Mike Blehm to second
Batting: RHB Kjeld Leen 0-0: Ball
1-0: Called Strike
1-1: Foul Ball, location: 2F
1-2: Strikes out looking
Bottom of the 8th over - 0 runs, 2 hits, 0 errors, 3 left on base; University of Southern California 6 - University of Oklahoma 5
TOP OF THE 9TH
University of Southern California Trojans batting - Pitching for University of Oklahoma Sooners : RHP Noboru Kamai
Pitching: LHP Mickey Spang
Batting: LHB Alonzo Catalan 0-0: Fly out, F7 (Flyball, 7LM, EV 78.8 MPH)
Batting: RHB Liangde Zhou 0-0: Ball
1-0: Swinging Strike
1-1: Foul Ball, location: 2F
1-2: Strikes out swinging
Batting: LHB John Rumbolt 0-0: Swinging Strike
0-1: Fly out, F7 (Flyball, 7, EV 85.6 MPH)
Top of the 9th over - 0 runs, 0 hits, 0 errors, 0 left on base; University of Southern California 6 - University of Oklahoma 5
BOTTOM OF THE 9TH
University of Oklahoma Sooners batting - Pitching for University of Southern California Trojans : LHP Eric Rosenstein
Pitching: RHP Luis Cortez
Now at 2B: Jochen Schanz
Now at SS: Jeremy McAbee
Batting: LHB Jon Terrones 0-0: Ball
1-0: Fly out, F5 (Popup, 25F, EV 88.8 MPH)
Batting: RHB Suk Hahn 0-0: Foul Ball, location: 2F
0-1: Ball
1-1: Ground out 6-3 (Groundball, 6, EV 88.1 MPH)
Batting: RHB Alex Perez 0-0: Swinging Strike
0-1: Ball
1-1: Swinging Strike
1-2: Ball
2-2: Ground out 4-3 (Groundball, 4D, EV 102.5 MPH)
Bottom of the 9th over - 0 runs, 0 hits, 0 errors, 0 left on base; University of Southern California 6 - University of Oklahoma 5
Sunday, July 16th , 2023 - OOTP Baseball 24.6 Build 69